 Dungeon Crawl Stone Soup version 0.31.0-32-g396128a36d (webtiles) character file.

Game seed: 5665953509770775773

2725 PaiMei the Reanimator (level 9, -2/69 HPs)
             Began as a Demonspawn Necromancer on Apr 17, 2024.
             Slain by a gnoll
             ... wielding a +0 spear
              (5 damage)
             ... on level 8 of the Dungeon.
             The game lasted 00:12:02 (10708 turns).

PaiMei the Reanimator (Demonspawn Necromancer)     Turns: 10708, Time: 00:12:03

Health: -2/69      AC: 15    Str:  9    XL:     9   Next: 40%
Magic:  10/18      EV: 14    Int: 20    God:
Gold:   378        SH: 10    Dex: 13    Spells: 16/20 levels left

rFire   + + .        f - +4 short sword (venom)
rCold   + . .        (no shield)
rNeg    . . .        H - +2 robe {rC+ rF+}
rPois   .            (helmet restricted)
rElec   .            l - +0 cloak
rCorr   .            r - +0 pair of gloves
SInv    .            t - +0 pair of boots
Will    .....        (no amulet)
Stlth   ++           n - ring of protection from fire
HPRegen 0.31/turn    (no ring)
MPRegen 0.16/turn

%: no passive effects
@: lethally poisoned (-2 -> -12), slowed, very slow
A: horns 1, large bone plates 2, icemail 2, condensation shield
a: no special abilities


You were on level 8 of the Dungeon.
You visited 2 branches of the dungeon, and saw 9 of its levels.
You also visited: Ossuary.

You collected 378 gold pieces.

Inventory:

Hand Weapons
 f - a +4 short sword of venom (weapon)
Missiles
 x - 24 poisoned darts (quivered)
Armour
 l - a +0 cloak (worn)
 r - a +0 pair of gloves (worn)
 t - a +0 pair of boots (worn)
 H - a +2 robe of resistance (worn)
Jewellery
 n - a ring of protection from fire (left hand)
 w - an amulet of faith
Wands
 y - a wand of iceblast (24)
 I - a wand of quicksilver (11)
 J - a wand of paralysis (12)
Scrolls
 c - 5 scrolls of amnesia {unknown}
 e - 2 scrolls of enchant armour {unknown}
 g - 11 scrolls of identify {unknown}
 h - 2 scrolls of blinking {unknown}
 i - 2 scrolls of poison {unknown}
 j - a scroll of revelation {unknown}
 k - a scroll of enchant weapon {unknown}
 p - 4 scrolls of fog {unknown}
 q - 2 scrolls of fear {unknown}
 u - 3 scrolls of noise {unknown}
 v - a scroll of acquirement {unknown}
 B - a scroll of teleportation {unknown}
Potions
 a - a potion of brilliance {unknown}
 b - 4 potions of magic
 d - a potion of degeneration {unknown}
 m - a potion of heal wounds {unknown}
 o - a potion of mutation {unknown}
 s - 3 potions of attraction {unknown}
 z - 2 potions of haste {unknown}
 A - 4 potions of ambrosia {unknown}
 C - a potion of might {unknown}
 D - a potion of invisibility {unknown}
 E - a potion of curing {unknown}
 F - a potion of resistance {unknown}
 G - 2 potions of berserk rage {unknown}


   Skills:
 + Level 6.2 Fighting
 + Level 6.2 Dodging
 - Level 2.0 Stealth
 + Level 6.2 Spellcasting
 + Level 8.3 Necromancy


You had 16 spell levels left.
You knew the following spells:

 Your Spells              Type           Power      Damage    Failure   Level
a - Necrotise             Necr           100%       1d9       1%          1
b - Vampiric Draining     Necr           39%        2d8       1%          3

Your spell library contained the following spells:

 Spells                   Type           Power      Damage    Failure   Level
 Fugue of the Fallen      Necr           39%        N/A       1%          3
 Animate Dead             Necr           39%        N/A       3%          4
 Curse of Agony           Necr           39%        N/A       10%         5
 Martyr's Knell           Necr/Summ      22%        N/A       19%         4
 Ozocubu's Armour         Ice            6%         N/A       30%         3
 Summon Ice Beast         Ice/Summ       6%         N/A       30%         3
 Manifold Assault         Tloc           6%         N/A       71%         4
 Summon Mana Viper        Hex/Summ       6%         N/A       96%         5
 Monstrous Menagerie      Summ           3%         N/A       100%        7


Dungeon Overview and Level Annotations

Branches:
Dungeon (8/15)             Temple (1/1) D:6         Ossuary (visited)
   Lair: D:8-11

Altars:
Ashenzari
Cheibriados
Gozag
Hepliaklqana
Makhleb
Nemelex Xobeh
Okawaru
Qazlal
Ru
Sif Muna
Trog
Uskayaw
Vehumet
Wu Jian
Yredelemnul

Annotations:
D:3 Grinder


Innate Abilities, Weirdness & Mutations

You have a pair of small horns on your head.
You are mostly covered in large bone plates. (SH +6)
A meltable icy envelope protects you from harm. (AC +8)
A meltable shield of frost defends you. (SH +4)


Message History

The gnoll hits you from afar with a +0 spear.
You barely miss the gnoll. You headbutt the gnoll.
The gnoll is heavily wounded.
You feel sick. The gnoll hits you but does no damage.
The gnoll hits you from afar with a +0 spear.
* * * LOW HITPOINT WARNING * * *
The gnoll barely misses you. The gnoll closely misses you.
You hit the gnoll.
The gnoll is severely wounded.
You feel sick.
The gnoll hits you but does no damage. x2
Casting: Vampiric Draining (safe; 1% risk of failure)
Confirm with . or Enter, or press ? or * to list all spells.
Aiming: Vampiric Draining (safe; 1% risk of failure)
Press: ? - help, Shift-Dir - straight line, f - gnoll
Aim: a gnoll, wielding a +0 club (severely wounded)
You draw life force from the gnoll!
You kill the gnoll!
You feel life coursing into your body.
You feel sick.
You are no longer poisoned.
The gnoll closely misses you. The gnoll hits you but does no damage.
The gnoll attacks as it pursues you! You block the gnoll's attack.
The gnoll closely misses you. The gnoll attacks as it pursues you!
The gnoll hits you but does no damage. You block the gnoll's attack.
You block the gnoll's attack. The gnoll attacks as it pursues you!
You block the gnoll's attack. The gnoll attacks as it pursues you!
The gnoll hits you from afar with a +0 spear.
* * * LOW HITPOINT WARNING * * *
The kobold brigand throws a curare-tipped dart.
The curare-tipped dart hits you.
You are poisoned.
You have difficulty breathing.
* * * LOW HITPOINT WARNING * * *
You feel as though you will be slow longer.
There is a stone staircase leading up here.
* * * LOW HITPOINT WARNING * * *
You feel very sick.
The gnoll hits you from afar with a +0 spear.
You die...

#.....##.......##.....###..≈~≈###
...........#...........#..~≈###
#.###.#....#....#.###.##.~≈##
...........#.........)...~≈#
#.....##......[##....)..#~≈#
.........#.#.#..........#≈≈#
.#...#.#.#...#.#........#≈≈#
.#.#.#..................#≈≈#
########........@.g.....#≈≈#
##..............##≈≈#
##.....##...Kg###≈≈#
############.# #≈≈# ..c #.# #≈≈#
##.. #.# #≈≈# ... #.# #≈≈####.K
#g# #≈##...g #.## #.~###..


You could see a kobold brigand and 2 gnolls.

Vanquished Creatures
  Joseph (D:8)
  A water moccasin (D:8)
  2 orc warriors (D:8)
  A sky beast (D:6)
  A black bear (D:5)
  2 ogres
  A centaur (D:8)
  A kobold brigand (D:8)
  A weeping skull (Ossuary)
  2 elf zombies (Ossuary)
  A bullfrog (D:8)
  2 scorpions (D:5)
  4 wights (D:8)
  4 howler monkeys
  2 centaur zombies (Ossuary)
  3 bombardier beetles (D:5)
  A spectral scorpion (Ossuary)
  3 orc priests
  A sleepcap (D:5)
  2 iguanas
  7 orc wizards
  A crocodile zombie (Ossuary)
  3 mummies (Ossuary)
  3 gnolls (D:8)
  6 adders
  A shadow imp (D:5)
  3 white imps
  2 ufetubi (D:5)
  5 adder zombies (Ossuary)
  2 dart slugs
  28 orcs
  3 endoplasms
  3 giant cockroaches (D:1)
  3 gnoll zombies (Ossuary)
  4 goblins
  3 hobgoblins
  4 jackals (D:3)
  2 quokkas
  2 ball pythons
  4 ball python zombies (Ossuary)
  3 bats
  5 frilled lizards
  5 jackal zombies (Ossuary)
  3 kobolds
  3 kobold zombies (Ossuary)
  2 orc zombies (Ossuary)
  7 rats
153 creatures vanquished.

Vanquished Creatures (collateral kills)
  A goblin (D:2)
1 creature vanquished.

Grand Total: 154 creatures vanquished

Notes
Turn   | Place    | Note
-------+----------+-------------------------------------------
     0 | D:1      | PaiMei the Demonspawn Necromancer began the quest for the
                  | Orb.
     0 | D:1      | Reached XP level 1. HP: 13/13 MP: 3/3
   359 | D:1      | Gained mutation: A meltable shield of frost defends you.
                  | (SH +4) [demonic ancestry]
   359 | D:1      | Reached XP level 2. HP: 19/19 MP: 0/5
  1387 | D:2      | Gained mutation: You are partially covered in large bone
                  | plates. (SH +4) [demonic ancestry]
  1387 | D:2      | Reached XP level 3. HP: 25/25 MP: 3/6
  1793 | D:3      | Reached skill level 1 in Fighting
  1925 | D:3      | Noticed Grinder
  1938 | D:3      | Paralysed by Grinder for 4 turns
  2177 | D:3      | Gained mutation: You have a pair of small horns on your
                  | head. [demonic ancestry]
  2177 | D:3      | Reached XP level 4. HP: 32/32 MP: 3/7
  2247 | D:3      | Found a faded altar of an unknown god.
  3113 | D:4      | Reached skill level 5 in Necromancy
  3171 | D:4      | Found a hide-covered altar of Uskayaw.
  3256 | D:4      | Reached XP level 5. HP: 38/38 MP: 5/9
  3293 | D:4      | Learned a level 3 spell: Vampiric Draining
  3357 | D:4      | Found a sacrificial altar of Ru.
  3360 | D:4      | Found a shimmering blue altar of Sif Muna.
  3975 | D:5      | Entered Level 5 of the Dungeon
  4322 | D:5      | Identified the staff of the Key {rC+ Will+ Str+6 Int-5 Ice}
  4436 | D:5      | Gained mutation: A meltable icy envelope protects you from
                  | harm. (AC +8) [demonic ancestry]
  4436 | D:5      | Reached XP level 6. HP: 28/46 MP: 2/11
  4549 | D:5      | Found a sand-covered staircase.
  4554 | Ossuary  | Entered an ossuary
  5066 | Ossuary  | Gained mutation: A meltable icy envelope protects you from
                  | harm. (AC +8) [demonic ancestry]
  5066 | Ossuary  | Reached XP level 7. HP: 45/52 MP: 12/12
  5114 | Ossuary  | Reached skill level 6 in Necromancy
  6233 | D:5      | Reached XP level 8. HP: 31/60 MP: 2/14
  6488 | D:6      | Found an iron altar of Okawaru.
  6488 | D:6      | Found a sparkling altar of Nemelex Xobeh.
  7186 | D:6      | Found an opulent altar of Gozag.
  7233 | D:6      | Reached skill level 7 in Necromancy
  7549 | D:6      | Found a staircase to the Ecumenical Temple.
  7556 | Temple   | Entered the Ecumenical Temple
  7981 | D:7      | Reached skill level 5 in Spellcasting
  8167 | D:7      | Reached skill level 5 in Dodging
  8341 | D:7      | Reached skill level 5 in Fighting
  8682 | D:8      | Noticed Joseph
  9652 | D:8      | Killed Joseph
  9653 | D:8      | Gained mutation: You are mostly covered in large bone
                  | plates. (SH +6) [demonic ancestry]
  9653 | D:8      | Reached XP level 9. HP: 26/69 MP: 1/17
 10045 | D:8      | Reached skill level 8 in Necromancy
 10087 | D:8      | Paralysed by a centaur for 4 turns
 10708 | D:8      | HP: 3/69 [poisoned by a kobold brigand (curare-tipped
                  | dart)]
 10708 | D:8      | Slain by a gnoll

Illustrated notes

Levels and vault maps discovered:
D:1:      noname_arrival_rooms_in_the_neighbourhood, layout_basic,
          serial_forest, infiniplex_forest_zigzag_1, infiniplex_forest_end_2,
          infiniplex_forest_lined_corner, infiniplex_forest_fountain,
          infiniplex_forest_straight_2
D:2:      wander_river, layout_basic, minivault_4
D:3:      layout_basic, basic_ecumenical_altar, uniq_grinder
D:4:      layout_gridville, mainiacjoe_overflow_brackets,
          nicolae_overflow_squiral
D:5:      layout_loops_ring, enter_ossuary_2, st_stairs_4,
          kennysheep_generic_room_12
D:6:      layout_basic, mainiacjoe_overflow_surrounded_room,
          gammafunk_temple_overflow_statue, minmay_temple_entry_nine_rooms
D:7:      layout_basic
D:8:      nicolae_cairo_tiling_large_dashed, layout_rooms, roadster_trireme,
          uniq_joseph
Temple:   nicolae_temple_bog_church

Skill      XL: |  1  2  3  4  5  6  7  8  9 |
---------------+----------------------------+-----
Dodging        | 2 3 4 5 6 |  6.2
Stealth        | 2 |  2.0
Fighting       | 1 2 3 4 5 6 |  6.2
Necromancy     | 5 6 7 8 |  8.3
Spellcasting   | 3 4 5 6 |  6.2

Action                     |  1- 3 |  4- 6 |  7- 9 || total
---------------------------+-------+-------+-------++-------
  Melee: Dagger            |     8 |       |       ||     8
         Short sword       |    16 |   160 |   244 ||   420
         Punch             |     1 |       |     8 ||     9
         Headbutt          |       |    36 |    60 ||    96
   Cast: Necrotise         |    51 |    47 |    40 ||   138
         Vampiric Draining |       |     4 |    49 ||    53
  Evoke: Wand              |       |     1 |       ||     1
   Stab: Sleeping          |       |     1 |       ||     1
         Distracted        |       |     1 |       ||     1
 Armour: Robe              |    10 |   100 |   198 ||   308
  Dodge: Dodged            |    17 |   116 |   138 ||   271
  Block: Other             |     6 |    82 |   109 ||   197
